 Dungeon Crawl Stone Soup version 0.28-a0-175-gb2089b6bb7 (webtiles) character file.

Game seed: 15476038544130167957

36 Nattfarinn the Caller (level 3, -2/24 HPs)
             Began as a Barachi Summoner on Aug 17, 2021.
             Killed from afar by an orc wizard (9 damage)
             ... with a puff of flame
             ... on level 2 of the Dungeon.
             The game lasted 00:04:26 (2562 turns).

Nattfarinn the Caller (Barachi Summoner)            Turns: 2562, Time: 00:04:26

Health: -2/24      AC:  2    Str:  9    XL:     3   Next: 37%
Magic:  7/7        EV: 12    Int: 16    God:
Gold:   79         SH:  0    Dex: 12    Spells: 1/7 levels left

rFire   . . .      SeeInvis .   d - +0 dagger (protect)
rCold   . . .      Faith    .   (no shield)
rNeg    . . .      Spirit   .   a - +0 robe
rPois   .          Reflect  .   (no helmet)
rElec   .          Harm     .   (no cloak)
rCorr   .          Rampage  .   (no gloves)
Will    .....                   (no boots)
Stlth   ++........              (no amulet)
HPRegen 0.08/turn               (no ring)
MPRegen 0.10/turn               (no ring)

@: brilliant, unable to hop, slow
A: amphibious, slowness 1, strong legs 1, +LOS
a: Hop


You were on level 2 of the Dungeon.
You visited 1 branch of the dungeon, and saw 2 of its levels.

You collected 79 gold pieces.

Inventory:

Hand Weapons
 c - a +0 short sword
 d - a +0 dagger of protection (weapon)
Armour
 a - a +0 robe (worn)
Magical Staves
 j - a staff of air
Jewellery
 e - a ring of positive energy
Scrolls
 f - a scroll of fear {unknown}
 h - a scroll of enchant weapon {unknown}


   Skills:
 - Level 2.1 Dodging
 - Level 1.7 Stealth
 + Level 2.8 Spellcasting
 * Level 5.8 Summonings


You had one spell level left.
You knew the following spells:

 Your Spells              Type           Power      Damage    Failure   Level
a - Summon Small Mammal   Summ           100%       N/A       1%          1
b - Call Imp              Summ           31%        N/A       2%          2
c - Call Canine Familiar  Summ           31%        N/A       5%          3

Your spell library contained the following spells:

 Spells                   Type           Power      Damage    Failure   Level
 Summon Guardian Golem    Hex/Summ       17%        N/A       17%         3
 Summon Lightning Spire   Summ/Air       17%        N/A       50%         4


Dungeon Overview and Level Annotations

Branches:
Dungeon (2/15)

Altars:

Shops:
D:1 :


Innate Abilities, Weirdness & Mutations

You are amphibious.
You cover ground slowly.
You can hop short distances.
You have an extended range of vision and can be seen from far away.


Message History

A puff of flame appears from out of thin air!
The puff of flame hits you.
Unknown command.
Unknown command.
You hear some strange, mumbled words.
You are more confused.
You completely miss something. Something hits you.
* * * LOW HITPOINT WARNING * * *
You miss something. Something hits you.
* * * LOW HITPOINT WARNING * * *
Something hits you.
* * * LOW HITPOINT WARNING * * *
You hit something but do no damage.
Your weapon exudes an aura of protection.
Something hits you but does no damage. Something hits you.
* * * LOW HITPOINT WARNING * * *
Okay, then.
It was a potion of heal wounds.
You feel much better.
Something hits you but does no damage. x2
You miss something.
You hear some strange, mumbled words.
A puff of flame appears from out of thin air!
The puff of flame misses you. Something hits you but does no damage.
You closely miss something. Something hits you.
You hear some strange, mumbled words.
A magic dart appears from out of thin air!
The magic dart hits you.
You're too confused to move!
Something hits you. x2
It was a potion of brilliance.
You feel clever all of a sudden. Something hits you but does no damage.
Something hits you.
* * * LOW HITPOINT WARNING * * *
It was a potion of curing.
You feel better. Something hits you. x2
* * * LOW HITPOINT WARNING * * *
Hop to where?
Press: ? - help, Dir - move target Boing!
A puff of flame appears from out of thin air!
The puff of flame hits you!
You die...

#####..###................#.###+#
#.## ##.................# ...#
#..(.............## ..###
###..###<.........# #.#
##...##.........# ..
#.........###### ##...#######
###....).# #.....@..#####
##.#....(.##..# #..#.........##
#........####..#.....#####
####.#..##[.........○.##.## ##.
#.........{..#...#
#..#....#........##.#
##..................#
...................#####


There were no monsters in sight!

Vanquished Creatures
  A goblin (D:1)
  4 bats (D:1)
  3 kobolds (D:1)
  2 rats (D:1)
10 creatures vanquished.

Vanquished Creatures (collateral kills)
  2 dart slugs (D:1)
  2 orcs (D:2)
  2 endoplasms (D:1)
  3 goblins
  3 hobgoblins (D:1)
  A quokka (D:2)
  2 ball pythons
  5 bats
  5 frilled lizards
  5 kobolds
  4 rats
34 creatures vanquished.

Grand Total: 44 creatures vanquished

Notes
Turn   | Place    | Note
-------+----------+-------------------------------------------
     0 | D:1      | Nattfarinn the Barachi Summoner began the quest for the
                  | Orb.
     0 | D:1      | Reached XP level 1. HP: 13/13 MP: 3/3
   208 | D:1      | Reached skill level 5 in Summonings
   311 | D:1      | Reached XP level 2. HP: 2/19 MP: 3/5
   946 | D:1      | Found Nuavix's Book Emporium.
  1550 | D:2      | Reached XP level 3. HP: 24/24 MP: 0/7
  2151 | D:2      | Found a faded altar of an unknown god.
  2202 | D:2      | Learned a level 2 spell: Call Imp
  2206 | D:2      | Learned a level 3 spell: Call Canine Familiar
  2562 | D:2      | Killed from afar by an orc wizard

Illustrated notes

Levels and vault maps discovered:
D:1:      sevenhm_arrival_forest_fort_small_5, layout_basic, serial_shops, shop,
          minmay_quantized
D:2:      cheibrodos_greedy_goblins, layout_rooms,
          hellmonk_ecumenical_altar_leap_of_faith, kennysheep_minor_cross

Skill      XL: |  1 |
---------------+----+-----
Summonings     | 5 |  5.8
Dodging        | |  2.1
Stealth        | |  1.7
Spellcasting   | |  2.8

Action                   || total
-------------------------++-------
Melee: Unarmed           ||     2
       Short sword       ||     1
       Dagger            ||    74
 Cast: Summon Small Mamm ||    86
       Call Canine Famil ||     1
 Abil: Hop               ||     1
  Use: Potion            ||     3
Armor: Robe              ||    46
Dodge: Dodged            ||    76

Table legend: (Time is in decaauts)
 A = Elapsed time spent in this place.
 B = Non-inter-level travel time spent in this place.
 C = Inter-level travel time spent in this place.
 D = Time resting spent in this place.
 E = Time spent auto-exploring this place.
 F = Levels seen in this place.
 G = Mean time per level.
                   A        B        C        D        E       F      G
               +--------+--------+--------+--------+--------+-----+--------+
         Total |   2742 |   2643 |     99 |    469 |   1681 |   2 | 1371.0 |
       Dungeon |   2742 |   2643 |     99 |    469 |   1681 |   2 | 1371.0 |
               +--------+--------+--------+--------+--------+-----+--------+

Top non-repeatable levels by time:
     D:1: 1944 daAuts
     D:2: 798 daAuts
